 Dungeon Crawl Stone Soup version 0.25.1-2-g60ff931df9 (webtiles) character file.

Game seed: 4812661683616857049

382 DearestLeader the Agent of Entropy (level 6, -2/47 HPs)
             Began as a Demonspawn Abyssal Knight on Sept 23, 2020.
             Was a Priest of Lugonu.
             Slain by a hound (3 damage)
             ... on level 6 of the Dungeon.
             The game lasted 00:08:14 (4290 turns).

DearestLeader the Agent of Entropy (DsAK)           Turns: 4290, Time: 00:08:15

Health: -2/47      AC: 14    Str: 15    XL:     6   Next: 47%
Magic:  3/3        EV:  7    Int: 13    God:    Lugonu [***...]
Gold:   126        SH:  0    Dex: 12    Spells: 5/5 levels left

rFire    . . .     SeeInvis .   m - +1 long sword (antimagic)
rCold    . . .     Gourm    .   (no shield)
rNeg     . . .     Faith    .   d - +4 chain mail
rPois    .         Spirit   .   (no helmet)
rElec    .         Reflect  .   (no cloak)
rCorr    .         Harm     .   f - +0 pair of gloves
MR       .....                  (no boots)
Stlth    ..........             (no amulet)
HPRegen  0.15/turn              (no ring)
MPRegen  0.08/turn              (no ring)

@: no status effects
A: demonic guardian 1, nightstalker 1
a: Depart the Abyss, Bend Space, Banish, Renounce Religion


You were on level 6 of the Dungeon.
You worshipped Lugonu.
Lugonu was most pleased with you.
You were not hungry.

You visited 1 branch of the dungeon, and saw 5 of its levels.
You visited the Abyss 1 time.

You collected 126 gold pieces.

Inventory:

Hand Weapons
 a - a +1 hand axe
 k - a +0 mace of venom
 m - a +1 antimagic long sword (weapon)
Missiles
 b - 8 poisoned darts (quivered)
 l - 4 curare-tipped darts
Armour
 d - a +4 chain mail (worn)
 f - a +0 pair of gloves (worn)
 g - a cursed +0 buckler
Jewellery
 u - the cursed ring of Adug {EV-4 Int+3 Dex+4}
   (You took it off an orc wizard on level 4 of the Dungeon)

   [ring of evasion]

   It affects your evasion (-4).
   It affects your intelligence (+3).
   It affects your dexterity (+4).
   It has a curse placed upon it.
Scrolls
 n - a scroll of remove curse
 o - a scroll of fog {unknown}
 p - a scroll of identify
 v - a scroll of enchant armour {unknown}
Potions
 e - a potion of resistance {unknown}
 h - a potion of magic {unknown}
 i - 2 potions of heal wounds {unknown}
 j - 2 potions of cancellation {unknown}
 r - a potion of lignification {unknown}
 s - 2 potions of might {unknown}
Comestibles
 c - 7 rations
 t - 4 chunks of flesh


   Skills:
 - Level 3.0 Fighting
 * Level 3.2 Long Blades
 - Level 2.9 Axes
 + Level 3.3 Armour
 + Level 1.3 Dodging
 + Level 4.8 Invocations


You had 5 spell levels left.
You didn't know any spells.
Your spell library was empty.

Dungeon Overview and Level Annotations

Branches:
Dungeon (4/15)
 Temple: D:4-7

Altars:

Annotations:
D:6 Sigmund


Innate Abilities, Weirdness & Mutations

A weak demonic guardian rushes to your aid.
You are slightly more attuned to the shadows.


Message History

You hit the hound.
The hound is heavily wounded.
The hound bites you.
* * * LOW HITPOINT WARNING * * *
The hound bites you but does no damage. The hound bites you but does no damage.
The hound bites you.
* * * LOW HITPOINT WARNING * * *
The hound barely misses you.
Found a stone staircase leading up.
There is a stone staircase leading down here.
You closely miss the hound.
The hound is heavily wounded.
The hound completely misses you.
You riposte.
You hit the hound.
The hound is heavily wounded.
The hound bites you but does no damage. The hound bites you but does no damage.
The hound barely misses you.
You closely miss the hound.
The hound is heavily wounded.
The hound bites you but does no damage. The hound bites you.
You die...

#####..h...##
.......5.5.Z.#
.........?.#..#
)..........##....
#######..รท.#
.### ###..# .
##@...)..
###########..####
#...>h@.## .##
#............
######.....###
#<.#### #..# #.##
#.#


You could see a hound.

Vanquished Creatures
  A crimson imp (D:6)
  A hound (D:6)
  An orc priest (D:3)
  A bullfrog skeleton (D:6)
  An orc wizard (D:4)
  2 gnolls (D:3)
  5 adders
  A shadow imp (D:3)
  2 worms
  A dart slug (D:1)
  3 leopard geckos
  10 orcs
  A ball python (D:1)
  3 giant cockroaches
  8 goblins
  7 hobgoblins
  4 jackals (D:6)
  8 kobolds
  4 quokkas
  6 bats
  4 frilled lizards
  6 rats
80 creatures vanquished.

Vanquished Creatures (collateral kills)
  An ogre (D:4)
  An orc priest (D:3)
  A gnoll (D:3)
  2 orcs
5 creatures vanquished.

Grand Total: 85 creatures vanquished

Notes
Turn   | Place    | Note
-------+----------+-------------------------------------------
     0 | Abyss:1  | DearestLeader the Demonspawn Abyssal Knight began the quest
                  | for the Orb.
     0 | Abyss:1  | Reached XP level 1. HP: 18/18 MP: 2/2
    16 | D:1      | Escaped the Abyss
   396 | D:1      | Gained mutation: A weak demonic guardian rushes to your
                  | aid. [demonic ancestry]
   396 | D:1      | Reached XP level 2. HP: 24/24 MP: 4/4
   723 | D:1      | Reached skill level 3 in Invocations
   977 | D:2      | Reached ** piety under Lugonu
  1002 | D:2      | Reached XP level 3. HP: 26/29 MP: 5/5
  1768 | D:3      | Gained mutation: You are slightly more attuned to the
                  | shadows. [demonic ancestry]
  1768 | D:3      | Reached XP level 4. HP: 33/35 MP: 2/6
  1856 | D:3      | Reached skill level 1 in Long Blades
  2714 | D:3      | Reached XP level 5. HP: 41/41 MP: 2/7
  2739 | D:3      | Reached skill level 4 in Invocations
  3520 | D:4      | Reached *** piety under Lugonu
  3640 | D:4      | Noticed an ogre
  3645 | D:4      | Killed an ogre
  3985 | D:4      | Identified the cursed ring of Adug {EV-4 Int+3 Dex+4}
  4009 | D:4      | Reached skill level 1 in Dodging
  4009 | D:4      | Reached XP level 6. HP: 33/47 MP: 3/9
  4109 | D:4      | You fall into a shaft and drop 2 floors!
  4264 | D:6      | Noticed Sigmund
  4285 | D:6      | HP: 1/47 [hound (4)]
  4290 | D:6      | Slain by a hound

Illustrated notes

Levels and vault maps discovered:
D:1:      psy_arrival_basics, layout_basic
D:2:      layout_basic
D:3:      layout_basic
D:4:      layout_rooms, first_ration, uniq_crazy_yiuf_cottage
D:6:      layout_rooms, grunt_temple_overflow_gold_and_silver,
          minmay_temple_entry_waves, uniq_sigmund

Skill      XL: |  1  2  3  4  5  6 |
---------------+-------------------+-----
Axes           | 2 |  2.9
Armour         | 2 3 |  3.3
Invocations    | 3 4 |  4.8
Long Blades    | 1 2 3 |  3.2
Dodging        | 1 |  1.3
Fighting       | |  3.0

Action                   |  1- 3 |  4- 6 || total
-------------------------+-------+-------++-------
Melee: Hand axe          |    96 |       ||    96
       Long sword        |    32 |   210 ||   242
  Use: Scroll            |     4 |     2 ||     6
 Stab: Distracted        |       |     1 ||     1
  Eat: Chunk             |     2 |     9 ||    11
Armor: Chain mail        |   106 |   189 ||   295
Dodge: Dodged            |    37 |    67 ||   104
       Rpst.: Long sword |     4 |    20 ||    24
